 Dungeon Crawl Stone Soup version 0.29.1-2-gbd0b4ee654 (webtiles) character file.

Game seed: 1076866739587111561

28 tevo3000 the Sneak (level 3, -1/16 HPs)
             Began as a Spriggan Enchanter on Nov 28, 2022.
             Slain by a gnoll
             ... wielding a +0 spear
              (6 damage)
             ... on level 2 of the Dungeon.
             The game lasted 00:05:11 (1338 turns).

tevo3000 the Sneak (Spriggan Enchanter)             Turns: 1338, Time: 00:05:11

Health: -1/16      AC:  2    Str:  4    XL:     3   Next: 0%
Magic:  2/8        EV: 18    Int: 16    God:
Gold:   11         SH:  0    Dex: 17    Spells: 5/7 levels left

rFire   . . .      SeeInvis +   a - +1 dagger
rCold   . . .      Faith    .   (no shield)
rNeg    . . .      Spirit   .   b - +0 robe
rPois   .          Reflect  .   (helmet restricted)
rElec   .          Harm     .   (no cloak)
rCorr   .          Rampage  .   (gloves unavailable)
Will    .....                   (boots unavailable)
Stlth   +++.......              (no amulet)
HPRegen 0.05/turn               (no ring)
MPRegen 0.11/turn               (no ring)

@: mighty, very quick
A: very small, no large weapons, unfitting armour, see invisible, speed 3
a: no special abilities


You were on level 2 of the Dungeon.
You visited 1 branch of the dungeon, and saw 2 of its levels.

You collected 11 gold pieces.

Inventory:

Hand Weapons
 a - a +1 dagger (weapon)
Armour
 b - a +0 robe (worn)
Scrolls
 e - 3 scrolls of identify {unknown}
 g - 2 scrolls of enchant weapon {unknown}
 h - a scroll of torment {unknown}
 k - a scroll of amnesia {unknown}
Potions
 c - a potion of invisibility
 i - a potion of resistance {unknown}
 j - a potion of haste {unknown}
 l - a potion of lignification {unknown}


   Skills:
 * Level 2.1 Short Blades
 + Level 3.1 Dodging
 * Level 5.2 Stealth
 - Level 2.6 Spellcasting
 + Level 3.8 Hexes


You had 5 spell levels left.
You knew the following spells:

 Your Spells              Type           Power      Damage    Failure   Level
a - Ensorcelled Hibernat  Hex/Ice        16%        N/A       14%         2

Your spell library contained the following spells:

 Spells                   Type           Power      Damage    Failure   Level
 Confusing Touch          Hex            14%        N/A       12%         3
 Tukima's Dance           Hex            14%        N/A       12%         3
 Dazzling Flash           Conj/Hex       16%        N/A       26%         3
 Sublimation of Blood     Necr           2%         N/A       28%         2
 Gell's Gravitas          Tloc           2%         N/A       50%         3
 Lesser Beckoning         Tloc           2%         N/A       50%         3
 Teleport Other           Tloc           2%         N/A       50%         3
 Petrify                  Tmut/Erth      2%         N/A       88%         4
 Irradiate                Conj/Tmut      1%         3d12      99%         5


Dungeon Overview and Level Annotations

Branches:
Dungeon (2/15)

Altars:


Innate Abilities, Weirdness & Mutations

You are very small and have problems with some larger weapons.
You are too small for most types of armour.
You have supernaturally acute eyesight. (SInv)
You cover ground extremely quickly. (Speed+++)


Message History

You catch the helpless kobold completely off-guard!
You puncture the kobold!
You kill the kobold!
The gnoll closely misses you. The gnoll misses you. The goblin misses you.
Things that are here:
a +0 dagger; a kobold corpse
Casting: Ensorcelled Hibernation (safe; 14% risk of failure)
Confirm with . or Enter, or press ? or * to list all spells.
Aiming: Ensorcelled Hibernation (safe; 14% risk of failure)
Press: ? - help, Shift-Dir - straight line, f/p - gnoll
Aim: a gnoll, wielding a +0 spear (unable to see you, chance to affect: 50%)
You miscast Ensorcelled Hibernation.
Nothing appears to happen.
You hit the goblin.
You kill the goblin!
You have reached level 3!
Your experience leads to an increase in your attributes!
Increase (S)trength, (I)ntelligence, or (D)exterity?
You feel agile. x2
The gnoll closely misses you.
Items here: )) ††.
You barely miss the gnoll. The gnoll hits you with a +0 spear.
* * * LOW HITPOINT WARNING * * *
It was a potion of cancellation.
Your magical effects are unravelling.
You feel magically purged.
Your magical contamination has completely faded away.
You flicker back into view.
The gnoll misses you.
You hit the gnoll but do no damage. The gnoll misses you.
You hit the gnoll but do no damage. The gnoll misses you.
You barely miss the gnoll. The gnoll closely misses you.
You hit the gnoll.
The gnoll is lightly wounded.
The gnoll completely misses you.
It was a potion of might.
You feel very mighty all of a sudden. The gnoll misses you.
The gnoll hits you from afar with a +0 spear.
You die...

<.......:.........#
..................#
......)...........#
.............######
...............#
......########.###
.###### #...# .#
#.#.# . ##.#@## .
#####..#..##
......##..g###.#
................#
##.....##.##...#
##.#.## #.# ..# ..
## .$# .# .# .## #
##


You could see a gnoll.

Vanquished Creatures
  2 endoplasms (D:1)
  2 giant cockroaches (D:1)
  6 goblins
  A hobgoblin (D:1)
  4 quokkas (D:1)
  2 ball pythons
  2 bats (D:1)
  A frilled lizard (D:1)
  4 kobolds
  3 rats
27 creatures vanquished.

Notes
Turn   | Place    | Note
-------+----------+-------------------------------------------
     0 | D:1      | tevo3000 the Spriggan Enchanter began the quest for the
                  | Orb.
     0 | D:1      | Reached XP level 1. HP: 9/9 MP: 5/5
   201 | D:1      | Reached XP level 2. HP: 9/13 MP: 6/6
   332 | D:1      | Reached skill level 5 in Stealth
   818 | D:1      | Learned a level 2 spell: Ensorcelled Hibernation
  1328 | D:2      | Reached XP level 3. HP: 10/16 MP: 1/8
  1338 | D:2      | Slain by a gnoll

Illustrated notes

Levels and vault maps discovered:
D:1:      giann_forest_graveyard, layout_basic
D:2:      kb_forest_paths, layout_basic, minmay_ruptured

Skill      XL: |  1  2 |
---------------+-------+-----
Stealth        | 5 |  5.2
Dodging        | 3 |  3.1
Short Blades   | 2 |  2.1
Spellcasting   | |  2.6
Hexes          | |  3.8

Action                   || total
-------------------------++-------
Melee: Dagger            ||   122
       Punch             ||     2
 Cast: Ensorcelled Hiber ||     3
  Use: Potion            ||     3
 Stab: Sleeping          ||     6
       Invisible         ||     2
Armor: Robe              ||     9
Dodge: Dodged            ||   113
